 Dungeon Crawl Stone Soup version 0.30-a0-4-ga7cffc901d (webtiles) character file.

Game seed: 7286384767349654459

30293 Misha the Impaler (level 13, -2/109 HPs)
             Began as a Merfolk Gladiator on Aug 22, 2022.
             Was the Champion of the Shining One.
             Slain by an eight-headed hydra (7 damage)
             ... on level 2 of the Lair of Beasts.
             The game lasted 00:35:15 (12578 turns).

Misha the Impaler (Merfolk Gladiator)              Turns: 12578, Time: 00:35:16

Health: -2/109     AC:  2    Str: 21    XL:     13   Next: 50%
Magic:  13/16      EV: 16    Int:  4    God:    the Shining One [******]
Gold:   627        SH: 12    Dex: 23    Spells: 12/12 levels left

rFire   + . .      SeeInvis +    a - +4 bardiche (holy)
rCold   . . .      Faith    .    (shield currently unavailable)
rNeg    + + +      Spirit   .    n - +2 scale mail {rN+}
rPois   .          Reflect  +    A - +0 helmet "Diris" {*Corrode Will++ Regen+ Stlth+}
rElec   .          Harm     .    o - +1 cloak
rCorr   .          Rampage  .    h - +2 pair of gloves
Will    ++...                    c - +0 pair of boots
Stlth   +.........               v - amulet of reflection
HPRegen 1.08/turn                H - ring of protection from fire
MPRegen 0.15/turn                I - ring of see invisible

@: divinely shielded, about to teleport, corroded, glowing, studying Throwing
A: (nimble swimmer 2), mertail, agile 2, strong 1
a: Renounce Religion, Divine Shield, Cleansing Flame, Summon Divine Warrior


You were on level 2 of the Lair of Beasts.
You worshipped the Shining One.
The Shining One was exalted by your worship.
You visited 3 branches of the dungeon, and saw 15 of its levels.
You also visited: Ice Cave.

You collected 868 gold pieces.
You spent 241 gold pieces at shops.

Inventory:

Hand Weapons
 a - a +4 bardiche of holy wrath (weapon)
 b - the +6 shillelagh "Devastator" {shatter}
   (You found it on level 1 of the Lair of Beasts)

   It releases a powerful concussive burst when it strikes, dealing extra damage
   to the target and all other foes adjacent to them.
 Q - a +9 scythe of electrocution
Missiles
 d - 2 throwing nets (quivered)
 e - 3 javelins
 m - 29 poisoned darts
 r - 5 atropa-tipped darts
 w - 2 silver boomerangs
 E - 2 curare-tipped darts
Armour
 c - a +0 pair of boots (worn)
 h - a +2 pair of gloves (worn)
 j - a +2 ring mail of willpower
 n - a +2 scale mail of positive energy (worn)
 o - a +1 cloak (worn)
 A - the +0 helmet "Diris" (worn) {*Corrode Will++ Regen+ Stlth+}
   (You found it on level 6 of the Dungeon)

   Regen:     It increases your rate of health regeneration.
   *Corrode:  It may corrode you when you take damage.
   Will:      It greatly increases your willpower.
   Stlth:     It makes you more stealthy.
 K - the +4 skin of Zhor {*Englaciate rC+++ SInv}
   (You found it in an ice cave)

   It radiates cold, occasionally slowing all nearby creatures who are not
   resistant to cold.
   rC:        It renders you almost immune to cold.
   SInv:      It lets you see invisible.
 R - a +0 plate armour of cold resistance
Jewellery
 p - a ring of ice
 v - an amulet of reflection (around neck)
 H - a ring of protection from fire (left hand)
 I - a ring of see invisible (right hand)
 N - an amulet of magic regeneration
Wands
 q - a wand of light (22)
 u - a wand of mindburst (7)
 J - a wand of iceblast (10)
 M - a wand of paralysis (2)
Scrolls
 f - 4 scrolls of teleportation
 g - 2 scrolls of magic mapping
 k - a scroll of poison
 l - 2 scrolls of vulnerability
 y - 2 scrolls of fear
 B - 2 scrolls of blinking
 D - 7 scrolls of identify
Potions
 i - 3 potions of haste
 t - a potion of magic
 x - 7 potions of curing
 z - a potion of flight
 C - a potion of berserk rage
 G - 3 potions of ambrosia
Miscellaneous
 F - a piece from Xom's chessboard (15/15)


   Skills:
 + Level 12.3 Fighting
 - Level 0.1 Maces & Flails
 + Level 19.2 Polearms
 + Level 2.4 Throwing
 + Level 7.1 Armour
 + Level 8.3 Dodging
 - Level 2.8 Stealth
 + Level 5.0 Shields
 * Level 4.2 Invocations
 + Level 1.6 Evocations


You had 12 spell levels left.
You didn't know any spells.
Your spell library contained the following spells:

 Spells                   Type           Power      Damage    Failure   Level
 Apportation              Tloc           0%         N/A       80%         1
 Magic Dart               Conj           0%         1d3       80%         1
 Necrotise                Necr           0%         1d4       80%         1
 Slow                     Hex            0%         N/A       80%         1
 Summon Small Mammal      Summ           0%         N/A       80%         1
 Searing Ray              Conj           0%         2d4       91%         2
 Call Canine Familiar     Summ           0%         N/A       99%         3
 Confusing Touch          Hex            0%         N/A       99%         3
 Summon Guardian Golem    Hex/Summ       0%         N/A       99%         3
 Vampiric Draining        Necr           0%         2d6       99%         3
 Fulminant Prism          Conj/Hex       0%         3d6       100%        4
 Leda's Liquefaction      Hex/Erth       0%         N/A       100%        4
 Olgreb's Toxic Radiance  Pois           0%         N/A       100%        4
 Lee's Rapid Deconstruct  Erth           0%         3d5*      100%        5
 Statue Form              Tmut/Erth      0%         N/A       100%        6
 Orb of Destruction       Conj           0%         9d5       100%        7
 Ozocubu's Refrigeration  Ice            0%         4d7       100%        7
 Spellforged Servitor     Conj/Summ      0%         N/A       100%        7
 Ignition                 Fire           0%         3d3       100%        8


Dungeon Overview and Level Annotations

Branches:
Dungeon (11/15)            Temple (1/1) D:7            Lair (3/5) D:11
    Orc (0/2) D:11          IceCv (visited)
  Swamp: Lair:2-3    Shoals: Lair:2-3     Snake: Lair:2-3    Spider: Lair:2-3

Altars:
Ashenzari
Cheibriados
Dithmenos
Elyvilon
Fedhas
Gozag
Hepliaklqana
Kikubaaqudgha
Makhleb
Nemelex Xobeh
Okawaru
Qazlal
Ru
Sif Muna
Trog
Uskayaw
Vehumet
Wu Jian
Xom
Yredelemnul
Zin
The Shining One

Shops:
D:3 *   D:7 =


Innate Abilities, Weirdness & Mutations

((You are very nimble when in or above water. (Stealth+, EV+, Speed+++)))
Your lower body shifts to a powerful aquatic tail in water.
You are very agile. (Dex +8, Str/Int -2)
Your muscles are strong. (Str +4, Int/Dex -1)


Message History

You hack one of the seven-headed hydra's heads off!
The six-headed hydra grows two more!
You slice the eight-headed hydra!!
The eight-headed hydra is moderately wounded.
The eight-headed hydra misses you.
You block the eight-headed hydra's attack.
The eight-headed hydra barely misses you.
The eight-headed hydra completely misses you.
You block the eight-headed hydra's attack.
The eight-headed hydra misses you.
You block the eight-headed hydra's attack.
The eight-headed hydra closely misses you.
Unknown command.
Unknown command.
The eight-headed hydra attacks as you move away!
You block the eight-headed hydra's attack.
The eight-headed hydra bites you but does no damage.
The eight-headed hydra misses you. The eight-headed hydra bites you!
Your corrosive artefact corrodes you!
The eight-headed hydra bites you. The eight-headed hydra misses you.
You block the eight-headed hydra's attack.
The eight-headed hydra bites you!
* * * LOW HITPOINT WARNING * * *
Your corrosive artefact corrodes you!
Unknown command.
Unknown command.
You feel much better. The eight-headed hydra bites you.
The eight-headed hydra bites you! x2
* * * LOW HITPOINT WARNING * * *
You block the eight-headed hydra's attack. x2
The eight-headed hydra barely misses you.
The eight-headed hydra bites you!
* * * LOW HITPOINT WARNING * * *
Your corrosive artefact corrodes you!
The eight-headed hydra misses you.
Unknown command.
As you read the scroll of teleportation, it crumbles to dust.
You feel strangely unstable. The eight-headed hydra bites you!
* * * LOW HITPOINT WARNING * * *
The eight-headed hydra barely misses you.
The eight-headed hydra bites you!
You die...

#.# ##..# ##.......##.. #.#
#..## #........... ##.#
##.P# ####'###..). #..##
#..## ###.##....##..
##..####.# #...##........
#...###.########..#...###..
#.......#..##.##..#...##...
###.#......D.>.............
##...##.@#...P....)......
#..##.#.##########.###..
##....#.# ### #.[ #......#
##. ##.#..## ####. #.#P.#
##P#.. ####.## #..... #..#
#.##.> #.############.##..


You could see an eight-headed hydra.

Vanquished Creatures
  A hydra (Lair:1)
  3 boulder beetles
  Erica (Lair:1)
  3 two-headed ogres
  Nergalle (D:11)
  Amaemon (Lair:1)
  Pikel (D:9)
  2 bog bodies (IceCv)
  2 black mambas (Lair:2)
  An ice statue (IceCv)
  4 cane toads
  An orange demon (Lair:1)
  5 komodo dragons
  A freezing wraith (IceCv)
  An ice devil (IceCv)
  A queen bee (D:10)
  A troll (D:10)
  Prince Ribbit (D:7)
  A hornet (D:9)
  8 blink frogs
  A shadow (D:11)
  Sigmund (D:2)
  5 wyverns
  43 yaks
  A wraith (D:8)
  5 humans (D:7)
  2 basilisks
  A steam dragon (D:7)
  6 death yak simulacra (IceCv)
  A water moccasin (Lair:3)
  2 black bears
  An ice beast (D:5)
  A sky beast (D:6)
  An orc warrior (D:11)
  4 wolves (Lair:2)
  4 centaurs
  3 kobold brigands
  2 phantoms
  A lemure (D:9)
  8 bullfrogs
  3 gnoll sergeants
  8 two-headed ogre simulacra (IceCv)
  4 cane toad simulacra (IceCv)
  5 scorpions
  15 wights
  A water moccasin zombie (D:4)
  3 elephant simulacra (IceCv)
  39 killer bees
  A howler monkey (D:10)
  7 hounds
  2 jellies
  6 orc priests
  2 centaur skeletons (D:4)
  An iguana (D:3)
  Jessica (D:2)
  A gnoll bouda (D:7)
  A scorpion zombie (D:4)
  Natasha (D:2)
  2 orc wizards
  4 troll simulacra (IceCv)
  4 spriggan simulacra (IceCv)
  A hound zombie (D:4)
  A hound skeleton (D:4)
  2 howler monkey zombies (D:4)
  12 gnolls
  9 adders
  4 naga simulacra (IceCv)
  12 white imps
  5 ufetubi
  3 adder zombies (D:4)
  An adder skeleton (D:4)
  3 worms
  A dart slug (D:2)
  25 orcs
  9 bats
  11 endoplasms
  6 giant cockroaches
  12 goblins
  7 hobgoblins
  6 jackals
  3 quokkas
  5 ball pythons
  A frilled lizard (D:2)
  16 kobolds
  8 rats
  A spectral goblin (D:2)
408 creatures vanquished.

Vanquished Creatures (others)
  3 fungi
  7 plants
  A withered plant (D:4)
11 creatures vanquished.

Grand Total: 419 creatures vanquished

Notes
Turn   | Place    | Note
-------+----------+-------------------------------------------
     0 | D:1      | Misha the Merfolk Gladiator began the quest for the Orb.
     0 | D:1      | Reached XP level 1. HP: 16/16 MP: 1/1
     1 | D:1      | Found a runed translucent door.
     2 | D:1      | Noticed a jelly
   459 | D:1      | Reached XP level 2. HP: 22/22 MP: 2/2
  1044 | D:1      | Reached XP level 3. HP: 26/26 MP: 3/3
  1154 | D:1      | Reached skill level 5 in Polearms
  1162 | D:1      | Reached XP level 4. HP: 27/34 MP: 4/4
  1394 | D:2      | Noticed Jessica
  1396 | D:2      | Killed Jessica
  1397 | D:2      | Reached skill level 1 in Stealth
  1403 | D:2      | Found a faded altar of an unknown god.
  1414 | D:2      | Prayed at the altar of an unknown god.
  1414 | D:2      | Became a worshipper of the Shining One
  1414 | D:2      | Reached * piety under the Shining One
  1434 | D:2      | Found a shimmering blue altar of Sif Muna.
  1673 | D:2      | Reached skill level 1 in Armour
  1673 | D:2      | Reached skill level 5 in Dodging
  1714 | D:2      | Reached XP level 5. HP: 39/39 MP: 5/5
  2023 | D:2      | Noticed Natasha
  2026 | D:2      | Killed Natasha
  2061 | D:2      | Noticed Sigmund
  2069 | D:2      | Gained mutation: Your muscles are strong. (Str +4, Int/Dex
                  | -1) [potion of mutation]
  2069 | D:2      | Gained mutation: You are agile. (Dex +4, Str/Int -1)
                  | [potion of mutation]
  2069 | D:2      | Gained mutation: You are very agile. (Dex +8, Str/Int -2)
                  | [potion of mutation]
  2079 | D:2      | Killed Sigmund
  2080 | D:2      | Reached skill level 6 in Polearms
  2080 | D:2      | Reached XP level 6. HP: 47/47 MP: 6/6
  2758 | D:3      | Reached skill level 7 in Polearms
  2762 | D:3      | Found an ancient bone altar of Kikubaaqudgha.
  2884 | D:3      | Found Jeasarype's Assorted Antiques.
  2886 | D:3      | Reached ** piety under the Shining One
  2895 | D:3      | Bought 3 scrolls labelled XULEPY LIORPH for 78 gold pieces
  2895 | D:3      | Bought a fuming orange potion for 23 gold pieces
  3216 | D:3      | Reached XP level 7. HP: 52/52 MP: 7/7
  3394 | D:3      | Bought a pink potion for 23 gold pieces
  3457 | D:4      | Reached skill level 8 in Polearms
  3726 | D:4      | Reached skill level 9 in Polearms
  3726 | D:4      | Reached XP level 8. HP: 30/61 MP: 4/8
  3730 | D:4      | Reached skill level 5 in Fighting
  4029 | D:4      | Reached *** piety under the Shining One
  4183 | D:3      | Bought a cloak for 117 gold pieces
  4203 | D:5      | Entered Level 5 of the Dungeon
  4208 | D:5      | Reached skill level 10 in Polearms
  4232 | D:5      | You fall into a shaft and drop 1 floor!
  4330 | D:5      | Found a shadowy altar of Dithmenos.
  4386 | D:5      | Reached skill level 11 in Polearms
  4430 | D:5      | Reached XP level 9. HP: 69/69 MP: 9/9
  4800 | D:6      | Reached skill level 12 in Polearms
  5174 | D:6      | Identified the +0 helmet "Diris" {*Corrode Will++ Regen+
                  | Stlth+}
  5669 | D:7      | Reached skill level 13 in Polearms
  5816 | D:7      | Found Feesid Ugyve's Jewellery Emporium.
  5982 | D:7      | Noticed Prince Ribbit
  5982 | D:7      | Reached **** piety under the Shining One
  5992 | D:7      | Reached XP level 10. HP: 79/79 MP: 10/10
  6005 | D:7      | Killed Prince Ribbit
  6166 | D:7      | Found a staircase to the Ecumenical Temple.
  6195 | D:7      | Reached skill level 14 in Polearms
  6635 | D:8      | Noticed a two-headed ogre
  6643 | D:8      | Killed a two-headed ogre
  6644 | D:8      | Reached skill level 1 in Shields
  6644 | D:8      | Reached skill level 1 in Invocations
  6834 | D:8      | Found a broken altar of Ashenzari.
  6900 | D:8      | Reached skill level 15 in Polearms
  7406 | D:9      | Reached XP level 11. HP: 89/89 MP: 12/12
  7540 | D:9      | Reached skill level 16 in Polearms
  7903 | D:9      | Noticed Pikel
  7913 | D:9      | Killed Pikel
  8125 | D:10     | Entered Level 10 of the Dungeon
  8308 | D:10     | Found a glowing golden altar of the Shining One.
  8520 | D:10     | Found a sparkling altar of Nemelex Xobeh.
  8865 | D:10     | Reached skill level 10 in Fighting
  8887 | D:10     | Reached skill level 5 in Armour
  8899 | D:10     | Reached skill level 17 in Polearms
  8908 | D:10     | Reached ***** piety under the Shining One
  9131 | Temple   | Entered the Ecumenical Temple
  9523 | D:11     | Noticed a boulder beetle
  9523 | D:11     | Noticed a boulder beetle
  9529 | D:11     | Killed a boulder beetle
  9604 | D:11     | Killed a boulder beetle
  9640 | D:11     | Reached XP level 12. HP: 98/98 MP: 13/13
  9640 | D:11     | Noticed a two-headed ogre
  9647 | D:11     | Killed a two-headed ogre
  9732 | D:11     | Noticed Nergalle
  9736 | D:11     | Killed Nergalle
  9761 | D:11     | Found a staircase to the Orcish Mines.
  9821 | D:11     | Found a staircase to the Lair.
  9858 | D:11     | Noticed a two-headed ogre
  9867 | D:11     | Killed a two-headed ogre
 10139 | Lair:1   | Entered Level 1 of the Lair of Beasts
 10141 | Lair:1   | Found the +6 shillelagh "Devastator" {shatter}
 10152 | Lair:1   | Reached skill level 1 in Evocations
 10154 | Lair:1   | Reached skill level 18 in Polearms
 10199 | Lair:1   | Noticed Amaemon
 10210 | Lair:1   | Killed Amaemon
 10447 | Lair:1   | Found a shimmering blue altar of Sif Muna.
 10478 | Lair:1   | Noticed Erica
 10487 | Lair:1   | Killed Erica
 10551 | Lair:1   | Noticed an eight-headed hydra
 10561 | Lair:1   | Killed a nine-headed hydra
 10944 | Lair:2   | Reached XP level 13. HP: 86/107 MP: 15/15
 11064 | Lair:2   | Reached skill level 19 in Polearms
 11606 | Lair:3   | Found a frozen archway.
 11628 | IceCv    | Entered an ice cave
 11804 | IceCv    | Reached ****** piety under the Shining One
 12135 | IceCv    | Found the +4 skin of Zhor {*Englaciate rC+++ SInv}
 12462 | Lair:2   | HP: 3/109 [poisoned by a cane toad]
 12463 | Lair:2   | Reached skill level 5 in Shields
 12463 | Lair:2   | HP: 1/109 [poisoned by a cane toad]
 12566 | Lair:2   | Identified a +4 bardiche of holy wrath (a +2 bardiche
                  | blessed by the Shining One)
 12566 | Lair:2   | Received a gift from the Shining One
 12578 | Lair:2   | HP: 5/109 [eight-headed hydra (15)]
 12578 | Lair:2   | Slain by an eight-headed hydra

Illustrated notes

Levels and vault maps discovered:
D:1:      dpeg_arrival_caged_fury, layout_basic, serial_glass, glass_columns_b,
          glass_columns_a, glass_columns_c, glass_columns_a, glass_columns_b,
          glass_columns_a, glass_columns_c, glass_columns_a, glass_columns_b,
          glass_columns_b, glass_columns_a, glass_columns_a, glass_columns_b,
          glass_columns_b
D:2:      minmay_razor_zed, layout_loops_ring,
          dreamdust_ecumenical_altar_drowned_temple, basic_altar,
          minmay_statues_item, uniq_sigmund, uniq_jessica, uniq_natasha
D:3:      layout_loops_ring, mainiacjoe_overflow_brackets, serial_shops, shop
D:4:      layout_rooms, serial_undead, serial_undead_c, serial_undead_d,
          serial_undead_f, serial_undead_f, serial_undead_b, serial_undead_e,
          minmay_manual_mares
D:5:      layout_rooms, mainiacjoe_overflow_boulevard, kennysheep_small_spiral
D:6:      layout_gridville, minmay_misc_feat_roman
D:7:      layout_loops_ring, minmay_temple_entry_statues, serial_shops,
          nicolae_shop_hallway_plus, minmay_ruffians, uniq_prince_ribbit1
D:8:      layout_basic, nicolae_ashenzari_panopticon
D:9:      layout_small_grid, kennysheep_windowed_goal, uniq_pikel
D:10:     layout_loops_ring, mainiacjoe_overflow_concentric_impassable,
          mainiacjoe_overflow_alcove_1, special_room [special_room_bee]
D:11:     layout_rooms, lair_entry_dummy, david_orc_2, grunt_ministairs_9,
          uniq_nergalle
Temple:   bh_familiar_temple
Lair:1:   layout_loops_ring, basic_altar, minivault_26, uniq_erica, uniq_amaemon
Lair:2:   layout_loops_ring, grunt_megastairs_2
Lair:3:   beast_lair_carwin_large_2, layout_cave_shapes,
          skrybe_swamp_entry_bodies, nicolae_spider_entry_non_spiders,
          portal_ice_cave_entry_imps, roderic_batcave, serial_bayou_shore_b,
          lemuel_fruit_fields, lemuel_fruit_tree, uniq_nessos

Skill      XL: |  1  2  3  4  5  6  7  8  9 10 11 12 13 |
---------------+----------------------------------------+-----
Polearms       | 5 6 7 9 11 13 15 17 18 19 | 19.2
Stealth        | 1 2 |  2.8
Armour         | 1 2 4 5 6 7 |  7.1
Dodging        | 5 6 7 8 |  8.3
Fighting       | 3 4 5 7 9 10 11 12 | 12.3
Shields        | 1 2 4 5 |  5.0
Invocations    | 2 4 |  4.2
Evocations     | 1 |  1.6
Maces & Flails | |  0.1
Throwing       | |  2.4

Action                   |  1- 3 |  4- 6 |  7- 9 | 10-12 | 13-15 || total
-------------------------+-------+-------+-------+-------+-------++-------
Melee: Trident           |    81 |    88 |       |       |       ||   169
       Punch             |     1 |     1 |       |       |     1 ||     3
       Halberd           |       |    30 |   203 |   425 |   178 ||   836
       Shillelagh        |       |       |       |     4 |     2 ||     6
       Bardiche          |       |       |       |       |     1 ||     1
Throw: Throwing net      |       |     1 |     1 |     1 |       ||     3
Invok: Divine Shield     |       |       |     2 |       |     1 ||     3
       Cleansing Flame   |       |       |       |     1 |       ||     1
       Brand Weapon With |       |       |       |       |     1 ||     1
Evoke: Wand              |       |       |       |     2 |       ||     2
       Piece from Xom's  |       |       |       |     1 |       ||     1
  Use: Potion            |       |     5 |     2 |     2 |     6 ||    15
       Scroll            |       |     9 |    11 |     6 |     4 ||    30
 Stab: Sleeping          |     3 |       |       |       |       ||     3
Armor: Leather armour    |    18 |    26 |       |       |       ||    44
       Skin              |       |     3 |       |       |       ||     3
       Ring mail         |       |     5 |    29 |       |       ||    34
       Scale mail        |       |       |    62 |    80 |    71 ||   213
Dodge: Dodged            |    46 |    56 |   125 |   189 |   121 ||   537
Block: Other             |       |       |    21 |    54 |    44 ||   119
       Reflection        |       |       |       |       |     2 ||     2

Table legend: (Time is in decaauts)
 A = Elapsed time spent in this place.
 B = Non-inter-level travel time spent in this place.
 C = Inter-level travel time spent in this place.
 D = Time resting spent in this place.
 E = Time spent auto-exploring this place.
 F = Levels seen in this place.
 G = Mean time per level.
                   A        B        C        D        E       F      G
               +--------+--------+--------+--------+--------+-----+--------+
         Total |  12405 |  11490 |    915 |   1525 |   7738 |  16 |  775.3 |
       Dungeon |   9875 |   9032 |    843 |   1043 |   6234 |  11 |  897.7 |
        Temple |    192 |    163 |     29 |      0 |    155 |   1 |  192.0 |
          Lair |   1565 |   1523 |     42 |    113 |   1134 |   3 |  521.7 |
      Ice Cave |    772 |    772 |      0 |    369 |    215 |   1 |  772.0 |
               +--------+--------+--------+--------+--------+-----+--------+

Top non-repeatable levels by time:
     D:1: 1394 daAuts
     D:2: 1322 daAuts
     D:8: 1010 daAuts
    D:10: 974 daAuts
     D:9: 907 daAuts
     D:7: 873 daAuts
     D:6: 826 daAuts
  Lair:2: 817 daAuts
     D:4: 784 daAuts
   IceCv: 772 daAuts
  Lair:1: 716 daAuts
     D:3: 711 daAuts
     D:5: 536 daAuts
    D:11: 532 daAuts
  Temple: 192 daAuts
